 Dungeon Crawl Stone Soup version 0.27-a0-661-gca034ae587 (webtiles) character file.

Game seed: 18356897277370789719

161 Johnny the Magician (level 5, 0/32 HPs)
             Began as a Deep Elf Earth Elementalist on Mar 17, 2021.
             Slain by an orc priest
             ... wielding a +0 club
              (5 damage)
             ... on level 3 of the Dungeon.
             The game lasted 00:02:34 (3015 turns).

Johnny the Magician (Deep Elf Earth Elementalist)   Turns: 3015, Time: 00:02:34

Health: 0/32       AC:  2    Str:  5    XL:     5   Next: 18%
Magic:  11/13      EV: 12    Int: 21    God:
Gold:   80         SH:  0    Dex: 15    Spells: 11/12 levels left

rFire    . . .     SeeInvis .   k - +2 flail (protect)
rCold    . . .     Faith    .   (no shield)
rNeg     . . .     Spirit   .   c - +0 robe
rPois    .         Reflect  .   (no helmet)
rElec    .         Harm     .   (no cloak)
rCorr    .         Rampage  .   (no gloves)
Will     .....                  (no boots)
Stlth    ++........             (no amulet)
HPRegen  0.10/turn              (no ring)
MPRegen  0.13/turn              (no ring)

@: no status effects
A: no striking features
a: no special abilities


You were on level 3 of the Dungeon.
You visited 1 branch of the dungeon, and saw 3 of its levels.

You collected 80 gold pieces.

Inventory:

Hand Weapons
 g - a +0 short sword
 k - a +2 flail of protection (weapon)
Missiles
 b - 66 stones
Armour
 c - a +0 robe (worn)
Scrolls
 a - 2 scrolls of enchant weapon {unknown}
 e - a scroll of enchant armour {unknown}
 f - 4 scrolls of identify {unknown}
Potions
 d - a potion of mutation {unknown}
 h - a potion of attraction {unknown}
 i - 2 potions of curing {unknown}
 j - a potion of magic {unknown}


   Skills:
 * Level 2.8 Fighting
 - Level 2.4 Dodging
 - Level 2.4 Stealth
 + Level 4.4 Spellcasting
 - Level 1.1 Transmutations
 + Level 4.2 Earth Magic


You had 11 spell levels left.
You knew the following spells:

 Your Spells              Type           Power      Damage    Failure   Level
a - Sandblast             Erth           44%        2d11      1%          1

Your spell library contained the following spells:

 Spells                   Type           Power      Damage    Failure   Level
 Passwall                 Tmut/Erth      12%        N/A       6%          2
 Stone Arrow              Conj/Erth      26%        3d8       14%         3
 Petrify                  Tmut/Erth      15%        N/A       36%         4
 Lee's Rapid Deconstruct  Erth           11%        3d9*      50%         5


Dungeon Overview and Level Annotations

Branches:
Dungeon (3/15)

Altars:
Zin


Message History

The orc is heavily wounded.
The orc hits you but does no damage.
The orc priest mumbles some strange prayers to Beogh against you.
Beogh smites you! The orc hits you but does no damage.
An orc comes into view. It is wielding a +0 flail.
The orc shouts!
You hear a shout!
You barely miss the orc.
The orc is heavily wounded.
The orc priest begins to cast a cantrip, but forgets the words!
The orc hits you.
An orc comes into view.
You are too injured to fight recklessly!
Casting: Sandblast (safe; 1% risk of failure)
Confirm with . or Enter, or press ? or * to list all spells.
Aiming: Sandblast (safe; 1% risk of failure)
Press: ? - help, Shift-Dir - straight line, f - orc
Aim: an orc, wearing a +0 chain mail (heavily wounded, 14% to evade)
The blast of sand hits the orc.
You kill the orc!
The orc priest calls down the wrath of Beogh upon you.
Beogh smites you!
* * * LOW HITPOINT WARNING * * *
Casting: Sandblast (safe; 1% risk of failure)
Confirm with . or Enter, or press ? or * to list all spells.
You can't see any susceptible monsters within range! (Use Z to cast anyway.)
Casting: Sandblast (safe; 1% risk of failure)
Confirm with . or Enter, or press ? or * to list all spells.
You can't see any susceptible monsters within range! (Use Z to cast anyway.) Unknown command.
An orc comes into view. It is wielding a +0 trident.
The orc shouts!
Casting: Sandblast (safe; 1% risk of failure)
Confirm with . or Enter, or press ? or * to list all spells.
Aiming: Sandblast (safe; 1% risk of failure)
Press: ? - help, Shift-Dir - straight line, f - orc priest
Aim: an orc priest, wielding a +0 club and wearing a +0 leather armour (19% to evade)
The blast of sand hits the orc priest.
The orc priest is moderately wounded.
The orc priest hits you with a +0 club.
You die...

.........#.#.##..
......##...............
......###......#......#
..........#######.....#
..........# ##......#
..........# #.......##
..........# #........#
..........# #.[.......
..........#####.@ooo.o..
..................##....
###############....# .
##...... ##......
#.....# #..... #####


You could see an orc priest and 3 orcs.

Vanquished Creatures
  An orc priest (D:3)
  An orc wizard (D:3)
  3 adders
  A worm (D:3)
  3 dart slugs
  A leopard gecko (D:3)
  5 orcs (D:3)
  6 bats
  3 giant cockroaches
  11 goblins
  8 hobgoblins
  6 jackals
  A quokka (D:2)
  A ball python (D:1)
  3 frilled lizards (D:1)
  3 kobolds
  9 rats
66 creatures vanquished.

Notes
Turn   | Place    | Note
-------+----------+-------------------------------------------
     0 | D:1      | Johnny the Deep Elf Earth Elementalist began the quest for
                  | the Orb.
     0 | D:1      | Reached XP level 1. HP: 10/10 MP: 6/6
   439 | D:1      | Reached XP level 2. HP: 12/16 MP: 5/8
   551 | D:1      | Reached skill level 1 in Fighting
   863 | D:1      | Reached XP level 3. HP: 20/20 MP: 8/10
  1756 | D:2      | Reached XP level 4. HP: 26/26 MP: 11/11
  2132 | D:2      | Found a glowing silver altar of Zin.
  2702 | D:3      | Reached XP level 5. HP: 20/31 MP: 4/13
  3015 | D:3      | Slain by an orc priest

Illustrated notes

Levels and vault maps discovered:
D:1:      lemuel_arrival_cross, layout_basic
D:2:      layout_loops_ring, zin_academy
D:3:      layout_rooms, kennysheep_decorative_pillar

Skill      XL: |  1  2  3  4 |
---------------+-------------+-----
Fighting       | 1 2 |  2.8
Spellcasting   | 4 |  4.4
Earth Magic    | 4 |  4.2
Dodging        | |  2.4
Stealth        | |  2.4
Transmutations | |  1.1

Action                   |  1- 3 |  4- 6 || total
-------------------------+-------+-------++-------
Melee: Unarmed           |     7 |       ||     7
       Short sword       |    13 |    12 ||    25
       Flail             |       |    22 ||    22
 Cast: Sandblast         |    55 |    26 ||    81
 Stab: Sleeping          |     2 |     2 ||     4
Armor: Robe              |     6 |    10 ||    16
Dodge: Dodged            |    42 |    23 ||    65

Table legend: (Time is in decaauts)
 A = Elapsed time spent in this place.
 B = Non-inter-level travel time spent in this place.
 C = Inter-level travel time spent in this place.
 D = Time resting spent in this place.
 E = Time spent auto-exploring this place.
 F = Levels seen in this place.
 G = Mean time per level.
                   A        B        C        D        E       F      G
               +--------+--------+--------+--------+--------+-----+--------+
         Total |   3025 |   2990 |     35 |    860 |   1756 |   3 | 1008.3 |
       Dungeon |   3025 |   2990 |     35 |    860 |   1756 |   3 | 1008.3 |
               +--------+--------+--------+--------+--------+-----+--------+

Top non-repeatable levels by time:
     D:2: 1508 daAuts
     D:1: 1044 daAuts
     D:3: 473 daAuts
